 Dungeon Crawl Stone Soup version 0.25.0-26-g0c896c7088 (webtiles) character file.

Game seed: 8258611526000745504

203 xccam the Cutter (level 5, 0/34 HPs)
             Began as an Octopode Assassin on July 2, 2020.
             Slain by a phantom (8 damage)
             ... on level 4 of the Dungeon.
             The game lasted 00:01:52 (2858 turns).

xccam the Cutter (Octopode Assassin)                Turns: 2858, Time: 00:01:52

Health: 0/34       AC:  1    Str: 10    XL:     5   Next: 81%
Magic:  5/5        EV: 13    Int: 13    God:
Gold:   127        SH:  0    Dex: 15    Spells: 4/4 levels left

rFire    + . .     SeeInvis .   a - +2 dagger
rCold    . . .     Gourm    .   (no shield)
rNeg     . . .     Faith    .   (helmet restricted)
rPois    .         Spirit   .   (no amulet)
rElec    .         Reflect  .   s - ring of protection from fire
rCorr    .         Harm     .   (no ring)
MR       .....                  (no ring)
Stlth    ++++......             (no ring)
HPRegen  0.11/turn              (no ring)
MPRegen  0.09/turn              (no ring)
                                (no ring)
                                (no ring)

@: mighty, lethally poisoned (0 -> -12)
A: almost no armour, stealthy swim, amphibious, 8 rings, constrict 8, camouflage
1, gelatinous body 1
a: no special abilities


You were on level 4 of the Dungeon.
You were not hungry.

You visited 1 branch of the dungeon, and saw 4 of its levels.

You collected 127 gold pieces.

Inventory:

Hand Weapons
 a - a +2 dagger (weapon)
Missiles
 b - 30 poisoned darts (quivered)
 c - 2 curare-tipped darts
Jewellery
 s - a ring of protection from fire (left tentacle)
Scrolls
 e - 2 scrolls of enchant armour {unknown}
 i - a scroll of immolation {unknown}
 j - a scroll of amnesia {unknown}
 k - 4 scrolls of identify {unknown}
 o - 3 scrolls of remove curse {unknown}
 p - a scroll of random uselessness {unknown}
 q - a scroll of magic mapping {unknown}
 r - a scroll of noise {unknown}
 t - a scroll of teleportation {unknown}
 v - a scroll of enchant weapon {unknown}
Potions
 f - a potion of lignification {unknown}
 g - 2 potions of might
 h - a potion of brilliance {unknown}
 m - 3 potions of degeneration {unknown}
 n - a potion of berserk rage {unknown}
 u - a potion of mutation {unknown}
Comestibles
 d - 4 rations


   Skills:
 - Level 2.0 Fighting
 + Level 5.8 Short Blades
 - Level 2.0 Throwing
 - Level 1.0 Dodging
 - Level 5.3 Stealth


You had 4 spell levels left.
You didn't know any spells.
Your spell library was empty.

Dungeon Overview and Level Annotations

Branches:
Dungeon (4/15)
 Temple: D:4-7

Altars:
Cheibriados
Trog
Wu Jian


Innate Abilities, Weirdness & Mutations

You cannot wear most types of armour.
You are very stealthy in the water. (Stealth+)
You are amphibious.
You can wear up to eight rings at the same time.
You can use your tentacles to constrict eight enemies at once.
Your skin changes colour to match your surroundings (Stealth+).
Your rubbery body absorbs attacks. (AC +1, EV +1)


Message History

The worker ant bites you.
You are poisoned.
The worker ant poisons you! The phantom closely misses you.
You hit the phantom but do no damage.
The phantom is moderately damaged.
You feel sick. The worker ant bites you.
You are more poisoned.
The worker ant poisons you!
You barely miss the phantom.
The phantom is moderately damaged.
You feel sick. The phantom hits you!
You are too injured to fight recklessly!
You are too injured to fight recklessly!
You feel sick. The worker ant bites you.
* * * LOW HITPOINT WARNING * * *
It was a potion of might.
You feel very mighty all of a sudden.
* * * LOW HITPOINT WARNING * * *
You feel sick. The phantom hits you!
You die...

..#.....# .#.....
..._.. .... # .
... .#o#
#.###...#
#.W....#
####@a....#
#######.#†.###.##
#..............#
#.###.#.########
# #.# #.#... #
#.# #.#####
#######.###.#
.......(....#
....#########


You could see a phantom, a worker ant and an orc (asleep).

Vanquished Creatures
  Jessica (D:2)
  A worker ant (D:3)
  3 gnolls (D:3)
  6 adders
  3 worms
  2 dart slugs
  2 leopard geckos (D:2)
  2 orcs (D:3)
  2 giant cockroaches
  3 goblins
  6 hobgoblins
  6 jackals (D:3)
  5 kobolds
  7 bats
  8 frilled lizards
  5 rats
62 creatures vanquished.

Notes
Turn   | Place    | Note
-------+----------+-------------------------------------------
     0 | D:1      | xccam the Octopode Assassin began the quest for the Orb.
     0 | D:1      | Reached XP level 1. HP: 14/14 MP: 1/1
   306 | D:1      | Reached XP level 2. HP: 19/19 MP: 2/2
  1159 | D:2      | Noticed Jessica
  1166 | D:2      | Killed Jessica
  1166 | D:2      | Reached XP level 3. HP: 22/24 MP: 3/3
  1331 | D:2      | Reached XP level 4. HP: 29/29 MP: 4/4
  1417 | D:2      | Found a snail-covered altar of Cheibriados.
  1436 | D:2      | Found a bloodstained altar of Trog.
  1901 | D:3      | Reached skill level 5 in Short Blades
  1901 | D:3      | Reached XP level 5. HP: 26/34 MP: 5/5
  2842 | D:4      | Noticed a phantom
  2847 | D:4      | Found an ornate altar of the Wu Jian Council.
  2858 | D:4      | Slain by a phantom

Illustrated notes

Levels and vault maps discovered:
D:1:      elethiomel_arrival_maze, layout_basic
D:2:      layout_rooms, nicolae_overflow_hidden_temple, cheibriados_altar_1,
          uniq_jessica
D:3:      layout_basic, kennysheep_cluttered_room, serial_park_tiny_2,
          minmay_misc_feat_ornament, minmay_quantized
D:4:      minmay_clustersquares, layout_loops_ring, elyvilon_altar_4,
          amethyst_overflow_temple_binary, nicolae_overflow_crystal_walls,
          temple_green

Skill      XL: |  1  2  3  4 |
---------------+-------------+-----
Short Blades   | 4 5 |  5.8
Fighting       | |  2.0
Throwing       | |  2.0
Dodging        | |  1.0
Stealth        | |  5.3

Action                   |  1- 3 |  4- 6 || total
-------------------------+-------+-------++-------
Melee: Dagger            |    44 |    85 ||   129
       Constrict         |    10 |    17 ||    27
       Tentacles         |     7 |    12 ||    19
  Use: Potion            |       |     1 ||     1
 Stab: Sleeping          |    10 |    12 ||    22
  Eat: Chunk             |     1 |     5 ||     6
Armor: Skin              |     1 |     1 ||     2
Dodge: Dodged            |    18 |    36 ||    54
